 Dungeon Crawl Stone Soup version 0.31-a0-460-g9e667d4245 (webtiles) character file.

Game seed: 9743103976773801396

186973 pokeman the Sorcerer (level 17, 0/96 HPs)
             Began as a Deep Elf Hedge Wizard on Aug 4, 2023.
             Was the Champion of Vehumet.
             Killed from afar by a deep elf zephyrmancer (38 damage)
             ... with a bolt of lightning
             ... on level 2 of the Elven Halls.
             The game lasted 02:09:46 (40072 turns).

pokeman the Sorcerer (Deep Elf Hedge Wizard)       Turns: 40072, Time: 02:09:47

Health: 0/96       AC: 17    Str:  7    XL:     17   Next: 86%
Magic:  30/47      EV: 11    Int: 40    God:    Vehumet [******]
Gold:   2604       SH: 12    Dex: 14    Spells: 3/65 levels left

rFire   + + .        w - staff of fire
rCold   + . .        v - +2 buckler
rNeg    . . .        f - +0 acid dragon scales
rPois   .            F - +2 helmet
rElec   .            o - +1 cloak {rC+}
rCorr   +            m - +1 pair of gloves
SInv    +            X - +0 pair of boots {rampage}
Will    +....        h - amulet of reflection
Stlth   ++           R - +6 ring of intelligence
HPRegen 0.36/turn    p - ring of Abstinence {rF+ Int+6 SInv}
MPRegen 0.30/turn

%: reflection, rampage
@: no status effects
A: no striking features
a: Renounce Religion


You were on level 2 of the Elven Halls.
You worshipped Vehumet.
Vehumet was exalted by your worship.
You visited 5 branches of the dungeon, and saw 25 of its levels.
You also visited: Gauntlet, Ice Cave, Volcano and Desolation.

You collected 4056 gold pieces.
You spent 1452 gold pieces at shops.

Inventory:

Missiles
 M - 9 curare-tipped darts
Armour
 f - +0 acid dragon scales (worn)
 m - a +1 pair of gloves (worn)
 o - a +1 cloak of cold resistance (worn)
 q - +0 gold dragon scales
 t - a +2 leather armour of poison resistance
 v - a +2 buckler (worn)
 F - a +2 helmet (worn)
 J - a scarf of resistance
 X - a +0 pair of boots of rampaging (worn)
Magical Staves
 w - a staff of fire (weapon)
 A - a staff of air
Jewellery
 c - a +5 ring of evasion
 h - an amulet of reflection (around neck)
 p - the ring of Abstinence (right hand) {rF+ Int+6 SInv}
   (You found it in the Desolation of Salt)

   [ring of intelligence]

   Int:       It affects your intelligence (+6).
   rF:        It protects you from fire.
   SInv:      It lets you see invisible.
 u - an amulet of magic regeneration
 O - a ring of flight
 R - a +6 ring of intelligence (left hand)
Wands
 j - a wand of polymorph (11)
 l - a wand of quicksilver (9)
 s - a wand of flame (10)
Scrolls
 a - a scroll of enchant weapon
 b - a scroll of enchant armour
 e - 5 scrolls of revelation
 i - 15 scrolls of teleportation
 W - 4 scrolls of blinking
Potions
 d - 3 potions of magic
 g - 16 potions of curing
 k - 2 potions of cancellation
 n - a potion of might
 r - 2 potions of resistance
 x - a potion of brilliance
 z - a potion of heal wounds
 B - 3 potions of enlightenment
 C - a potion of ambrosia
 I - 5 potions of haste
 L - a potion of invisibility {unknown}
 U - a potion of experience {unknown}
Miscellaneous
 y - a box of beasts
 E - a tin of tremorstones (2/2)
 Y - a phantom mirror


   Skills:
 - Level 7.0 Fighting
 + Level 7.0 Armour
 - Level 3.0 Dodging
 - Level 3.0 Stealth
 - Level 6.0 Shields
 * Level 24.6 Spellcasting
 + Level 15.2 Conjurations
 - Level 1.1 Summonings
 - Level 1.1 Translocations
 - Level 1.0 Transmutations
 + Level 14.4 Fire Magic
 - Level 1.0 Ice Magic
 - Level 2.1 Air Magic
 - Level 14.0 Earth Magic
 - Level 2.0 Poison Magic
 - Level 2.0 Evocations


You had 3 spell levels left.
You knew the following spells:

 Your Spells              Type           Power      Damage    Failure   Level
a - Magic Dart            Conj           100%       1d8       0%          1
b - Mephitic Cloud        Conj/Pois/Air  79%        N/A       1%          3
c - Call Imp              Summ           100%       N/A       1%          2
d - Blink                 Tloc           100%       N/A       1%          2
e - Foxfire               Conj/Fire      100%       2x1d9     0%          1
f - Stone Arrow           Conj/Erth      100%       3d13      0%          3
g - Freezing Cloud        Conj/Ice/Air   39%        6-21      1%          5
h - Leda's Unmaking       Conj/Erth      52%        9d9       1%          6
i - Plasma Beam           Fire/Air       54%        2x1d69    1%          6
j - Ignition              Fire           64%        3d17      5%          8
k - Irradiate             Conj/Tmut      42%        3d25      1%          5
l - Starburst             Conj/Fire      64%        6d17      1%          6
m - Fire Storm            Conj/Fire      64%        8d16      50%         9
n - Iskenderun's Battles  Conj           100%       2d15      1%          5

Your spell library contained the following spells:

 Spells                   Type           Power      Damage    Failure   Level
 Sandblast                Erth           100%       2d20      0%          1
 Apportation              Tloc           100%       N/A       1%          1
 Freeze                   Ice            100%       1d10      1%          1
 Shock                    Conj/Air       100%       1d9       1%          1
 Slow                     Hex            100%       N/A       1%          1
 Cigotuvi's Dreadful Rot  Necr/Pois/Air  100%       N/A       1%          2
 Ensorcelled Hibernation  Hex/Ice        100%       N/A       1%          2
 Lesser Beckoning         Tloc           100%       N/A       1%          2
 Momentum Strike          Conj/Tloc      100%       3d10      1%          2
 Passwall                 Tmut/Erth      69%        N/A       1%          2
 Poisonous Vapours        Pois/Air       100%       N/A       1%          2
 Wereblood                Tmut           55%        N/A       1%          2
 Dazzling Flash           Conj/Hex       100%       N/A       1%          3
 Frozen Ramparts          Ice            100%       1d16      1%          3
 Gell's Gravitas          Tloc           55%        N/A       1%          3
 Hailstorm                Conj/Ice       85%        3d17      1%          3
 Ignite Poison            Fire/Tmut/Pois 97%        N/A       1%          3
 Ozocubu's Armour         Ice            55%        N/A       1%          3
 Teleport Other           Tloc           55%        N/A       1%          3
 Vhi's Electric Charge    Tloc/Air       100%       N/A       1%          3
 Volatile Blastmotes      Fire/Tloc      100%       2d18      1%          3
 Confusing Touch          Hex            49%        N/A       3%          3
 Tukima's Dance           Hex            49%        N/A       3%          3
 Vampiric Draining        Necr           49%        2d9       3%          3
 Sticky Flame             Conj/Fire      100%       2d11      0%          4
 Fulminant Prism          Conj/Hex       42%        3d19      1%          4
 Iskenderun's Mystic Bla  Conj/Tloc      86%        2d17      1%          4
 Petrify                  Tmut/Erth      83%        N/A       1%          4
 Arcjolt                  Conj/Air       43%        1d53      1%          5
 Borgnjor's Vile Clutch   Necr/Erth      40%        N/A       1%          5
 Orb of Destruction       Conj           53%        9d13      1%          7
 Lehudib's Crystal Spear  Conj/Erth      52%        10d12     4%          8
 Manifold Assault         Tloc           55%        N/A       6%          4
 Passage of Golubria      Tloc           55%        N/A       6%          4
 Yara's Violent Unravell  Hex/Tmut       26%        3d11      7%          5
 Spellforged Servitor     Conj/Summ      43%        N/A       9%          7
 Anguish                  Hex/Necr       24%        N/A       11%         4
 Cause Fear               Hex            24%        N/A       11%         4
 Silence                  Hex/Air        27%        N/A       19%         5
 Metabolic Englaciation   Hex/Ice        26%        N/A       24%         5
 Agony                    Necr           49%        N/A       28%         5
 Shatter                  Erth           51%        3d39*     61%         9
 Dispersal                Tloc           27%        N/A       69%         6
 Simulacrum               Ice/Necr       26%        N/A       78%         6
 Ozocubu's Refrigeration  Ice            27%        4d13      78%         7
 Maxwell's Capacitive Co  Air            30%        ∞         99%         8
 Chain Lightning          Conj/Air       43%        3d58      99%         9
 Enfeeble                 Hex            24%        N/A       100%        7
 Disjunction              Tloc           27%        N/A       100%        8
 Summon Horrible Things   Summ           27%        N/A       100%        8
 Polar Vortex             Ice            27%        12d3*     100%        9


Dungeon Overview and Level Annotations

Branches:
Dungeon (15/15)            Temple (1/1) D:5            Lair (5/5) D:8
  Swamp (0/4) Lair:3       Spider (0/4) Lair:2        Slime (0/5) Lair:5
    Orc (2/2) D:10            Elf (2/3) Orc:2        Vaults (0/5) D:13
 Depths (0/4) D:15          IceCv (visited)         Volcano (visited)
Desolation (visited)      Gauntlet (visited)

Altars:
Ashenzari
Cheibriados
Dithmenos
Elyvilon
Fedhas
Gozag
Hepliaklqana
Kikubaaqudgha
Makhleb
Nemelex Xobeh
Okawaru
Qazlal
Ru
Sif Muna
Trog
Uskayaw
Vehumet
Wu Jian
Xom
Yredelemnul
Zin
The Shining One
Jiyva

Shops:
D:6 *[   D:13 ??*   D:15 *   Orc:2 :[**[   Elf:1 ?

Annotations:
Lair:5 3 runed translucent doors, Dittersdorf's ghost, journeyman GrFi
Orc:1 1 runed translucent door


Message History

The deep elf blademaster is engulfed in freezing vapours.
Unknown command.
Casting: Plasma Beam (dangerous; 1% risk of failure)
Confirm with . or Enter, or press ? or * to list all spells.
Casting: Plasma Beam (dangerous; 1% risk of failure)
Press: ? - help, Dir - look around, f - activate You feel a surge of power!
The bolt of lightning hits the deep elf blademaster!!
The deep elf blademaster is severely wounded.
The fiery plasma hits the deep elf blademaster!!!
You kill the deep elf blademaster!
Vehumet accepts your kill.
You feel your power returning.
You hear a shout!
A +3 flail of protection comes into view.
A deep elf zephyrmancer comes into view.
It is wielding a +2 vampiric short sword.
The deep elf zephyrmancer gestures wildly while chanting.
The deep elf zephyrmancer blinks!
The deep elf zephyrmancer points at you and mumbles some strange words.
The bolt of lightning hits you!!
You hear a shout!
There is a large open door here.
The deep elf zephyrmancer points at you and mumbles some strange words.
The bolt of lightning hits your battlesphere.
Your battlesphere completely resists.
The bolt of lightning hits you! The bolt of lightning hits you!!
You hear a shout!
Casting: Plasma Beam (dangerous; 1% risk of failure)
Confirm with . or Enter, or press ? or * to list all spells.
Aiming: Freezing Cloud (mildly dangerous; 1% risk of failure)
Press: ? - help, Dir - move target Your battlesphere fires!
The barrage of energy hits the +3 flail of protection!
The +3 flail of protection is heavily damaged.
The deep elf zephyrmancer is engulfed in freezing vapours.
The deep elf zephyrmancer casts a spell at you.
The bolt of lightning hits your battlesphere.
Your battlesphere completely resists.
The bolt of lightning misses you. The bolt of lightning hits you!!!
You die...

...##..)...#...#)..#...####.##...
....).(...###.....###...###.##...
#.###....).#.......#...#.#..##...
##.##....#.....#.....#.##...##...
##.##)..#...........#..#..>##...
##.....#..###)###..#......#.##.
##.#######.#.#.####..>....###.
### ##'''## ######### ## ** ***
#####..@##### *** ***
,****,**##...++#'*...##**,#***,**
,,**,,.##.....###§§§..##...**,,,*
,,,,,.........)..§§e.....§.,,,,,,
,,,,,#.......).))§§§.....#.,,,,,,
,,,,*##........)........##*,,,,,,
,,,** ##...............## **,,,,,
,,,,**#...)....(........#**,,,,,,
,,,,,#...................#,,,,,,,


You could see a deep elf zephyrmancer (ally target) and a friendly battlesphere.

Vanquished Creatures
  Rupert (Lair:3)
  A deep elf blademaster (Elf:2)
  Gastronok (Lair:2)
  An imperial myrmidon (Desolation)
  A frost giant (IceCv)
  2 deep elf sorcerers (Elf:1)
  A deep elf annihilator (D:14)
  A halazid warlock (Desolation)
  A minotaur (Gauntlet)
  Snorg (Lair:3)
  2 fire dragons
  3 crystal guardians (Desolation)
  8 ragged hierophants (Desolation)
  Fannar (Orc:1)
  7 hydras
  2 vault guards (D:13)
  A catoblepas (Lair:5)
  2 peacekeepers (Desolation)
  8 centaur warriors
  5 servants of whispers (Desolation)
  A boulder beetle (D:13)
  A death knight (D:14)
  10 two-headed ogres
  5 tengu warriors
  10 death yaks
  11 dancing weapons
  13 deep elf knights
  5 sun demons (Volcano)
  3 orc high priests (Orc:2)
  A skyshark (Lair:2)
  Sonja (Orc:1)
  Nergalle (Orc:1)
  2 skeletal warriors (D:15)
  A skyshark (shapeshifter) (D:13)
  7 deep elf archers
  A phantasmal warrior (D:15)
  Pikel (D:7)
  A golden dragon zombie (D:15)
  4 wizards
  2 ironbound convokers (Desolation)
  23 deep elf pyromancers
  2 lindwurms (Lair:5)
  3 necromancers
  5 orc knights (Orc:2)
  3 oklob plants
  A wolf spider (D:14)
  2 fire giant zombies (D:15)
  6 manticores
  16 ugly things
  14 deep elf zephyrmancers
  7 cyclopes
  6 orc sorcerers
  A stone giant skeleton (D:15)
  A moth of wrath (Gauntlet)
  The ghost of hotbaconsauce the Chopper, a novice MiFi of Qazlal (D:7)
  8 black mambas
  11 elephants
  A torpor snail (Gauntlet)
  2 ice statues
  2 molten gargoyles (Lair:5)
  A gargoyle (D:12)
  9 guardian serpents (Desolation)
  14 cane toads
  Maggie (Lair:1)
  Psyche (D:11)
  An unseen horror (D:13)
  An efreet (D:14)
  20 komodo dragons
  2 yaktaurs (D:13)
  6 tengu conjurers
  5 rime drakes (Lair:3)
  A freezing wraith (D:15)
  A meliai (D:13)
  9 polar bears
  A tyrant leech (Lair:3)
  10 trolls
  57 saltlings (Desolation)
  6 dream sheep
  A hornet (shapeshifter) (Elf:1)
  A raiju (shapeshifter) (Elf:1)
  18 slime creatures
  14 blink frogs
  12 flying skulls (Gauntlet)
  2 shadows
  A water elemental (Elf:1)
  An air elemental (Elf:1)
  3 wraiths
  11 wyverns
  18 humans (D:13)
  52 yaks
  A vampire (D:9)
  3 fire bats (Orc:2)
  2 humans (shapeshifter) (Elf:1)
  6 steam dragons
  A basilisk (shapeshifter) (D:14)
  A redback (Lair:2)
  12 vampire mosquitoes
  12 basilisks
  The ghost of Heh the Stinger, an amateur OpVM (D:5)
  3 wargs
  16 water moccasins
  2 acid dragons
  8 hell hounds
  An ice beast (D:7)
  27 orc warriors
  3 sky beasts
  6 ogres
  19 wolves
  13 centaurs
  3 kobold brigands
  2 gnoll sergeants
  An earth elemental (Elf:2)
  11 bullfrogs
  6 scorpions
  16 killer bees
  5 howler monkeys
  4 lava snakes (Lair:5)
  3 hounds
  19 orc priests
  2 gnoll boudas
  5 jellies
  9 hell rats
  4 iguanas
  28 orc wizards
  8 adders
  21 gnolls
  3 shadow imps
  2 white imps (D:6)
  3 worms
  2 dart slugs (D:1)
  82 orcs
  3 bats
  11 endoplasms
  A giant cockroach (D:2)
  8 goblins
  5 hobgoblins
  3 jackals (D:4)
  A quokka (D:8)
  10 ball pythons
  13 kobolds
  5 rats
962 creatures vanquished.

Vanquished Creatures (collateral kills)
  A yak (Lair:1)
1 creature vanquished.

Vanquished Creatures (others)
  2 deep elf knights
  A wolf (IceCv)
  A killer bee (D:11)
  A jelly (D:7)
  16 foxfires
21 creatures vanquished.

Grand Total: 984 creatures vanquished

Notes
Turn   | Place    | Note
-------+----------+-------------------------------------------
     0 | D:1      | pokeman the Deep Elf Hedge Wizard began the quest for the
                  | Orb.
     0 | D:1      | Reached XP level 1. HP: 10/10 MP: 7/7
   233 | D:1      | Reached XP level 2. HP: 11/16 MP: 1/9
   472 | D:1      | Found a faded altar of an unknown god.
   921 | D:1      | Reached skill level 5 in Spellcasting
  1331 | D:2      | Reached XP level 3. HP: 18/20 MP: 9/11
  1336 | D:2      | Learned a level 3 spell: Mephitic Cloud
  1339 | D:2      | Learned a level 2 spell: Call Imp
  1342 | D:2      | Learned a level 2 spell: Blink
  1436 | D:2      | Reached skill level 1 in Fighting
  1612 | D:2      | Reached skill level 1 in Armour
  2434 | D:2      | Reached XP level 4. HP: 25/25 MP: 10/13
  3706 | D:4      | Reached skill level 6 in Spellcasting
  3706 | D:4      | Reached XP level 5. HP: 22/29 MP: 4/15
  4046 | D:4      | Noticed an ogre
  4047 | D:4      | Reached skill level 1 in Earth Magic
  4047 | D:4      | Reached skill level 1 in Poison Magic
  4047 | D:4      | Reached skill level 1 in Evocations
  4049 | D:4      | Reached skill level 1 in Air Magic
  4049 | D:4      | Reached XP level 6. HP: 30/34 MP: 7/17
  4515 | D:5      | Entered Level 5 of the Dungeon
  4529 | D:5      | Reached skill level 7 in Spellcasting
  4534 | D:5      | Reached XP level 7. HP: 10/38 MP: 7/19
  4964 | D:5      | Found a transporter.
  4966 | D:5      | Found a transporter.
  4966 | D:5      | Noticed Heh's ghost (amateur OpVM)
  5124 | D:5      | Reached skill level 1 in Fire Magic
  5193 | D:5      | Found a staircase to the Ecumenical Temple.
  5202 | Temple   | Entered the Ecumenical Temple
  5241 | Temple   | Became a worshipper of Vehumet
  5446 | D:5      | Reached skill level 8 in Spellcasting
  5562 | D:6      | Reached XP level 8. HP: 26/44 MP: 13/22
  5898 | D:6      | Found Guyw's Goods Gallery.
  5926 | D:6      | Found Fitullo's Antique Armour Shop.
  6039 | D:6      | Reached skill level 9 in Spellcasting
  6617 | D:7      | Reached skill level 5 in Conjurations
  6648 | D:7      | Found an ancient bone altar of Kikubaaqudgha.
  6652 | D:7      | Found a blossoming altar of Fedhas.
  6716 | D:7      | Reached * piety under Vehumet
  6716 | D:7      | Offered knowledge of Kiss of Death by Vehumet.
  6725 | D:7      | Reached skill level 10 in Spellcasting
  6727 | D:7      | Reached XP level 9. HP: 25/48 MP: 1/25
  6940 | D:7      | Found a transporter.
  6940 | D:7      | Noticed an ice statue
  6940 | D:7      | Noticed hotbaconsauce's ghost (novice MiFi)
  7098 | D:7      | Noticed Pikel
  7113 | D:7      | Killed Pikel
  7200 | D:7      | Found a transporter.
  7242 | D:7      | Noticed an oklob plant
  7519 | D:8      | Reached skill level 5 in Earth Magic
  7625 | D:8      | Noticed a death yak
  7632 | D:8      | Found a staircase to the Lair.
  7632 | D:8      | Noticed a death yak
  7683 | D:6      | Bought a book of Geomancy for 252 gold pieces
  7687 | D:6      | Learned a level 3 spell: Stone Arrow
  7739 | D:7      | Reached skill level 11 in Spellcasting
  8004 | D:8      | Offered knowledge of Freeze by Vehumet.
  8085 | D:8      | Reached skill level 5 in Fire Magic
  8165 | D:8      | Reached ** piety under Vehumet
  8218 | D:8      | Noticed a death yak
  8221 | D:8      | Noticed a purple ugly thing
  8228 | D:8      | Killed a purple ugly thing
  8229 | D:8      | Reached XP level 10. HP: 56/56 MP: 12/27
  8348 | D:8      | Killed a death yak
  8349 | D:8      | Reached skill level 12 in Spellcasting
  9042 | D:8      | Killed a death yak
  9053 | D:8      | Killed a death yak
  9251 | D:9      | Reached skill level 13 in Spellcasting
  9421 | D:9      | Offered knowledge of Static Discharge by Vehumet.
  9537 | D:9      | Identified the +1 robe of Ullin {Dex+3}
  9539 | D:9      | Noticed a two-headed ogre
  9578 | D:9      | Killed a two-headed ogre
  9659 | D:9      | Reached *** piety under Vehumet
  9980 | D:9      | Reached XP level 11. HP: 52/61 MP: 10/30
 10514 | D:10     | Entered Level 10 of the Dungeon
 10669 | D:10     | Found a staircase to the Orcish Mines.
 10755 | D:6      | Bought a pair of crude gloves for 313 gold pieces
 10755 | D:6      | Identified the +0 pair of gloves "Ciufasud" {Str+5 Int-2
                  | Dex+3} (You bought it in a shop on level 6 of the Dungeon)
 10918 | D:10     | Noticed a two-headed ogre
 10927 | D:10     | Killed a two-headed ogre
 11208 | D:10     | Offered knowledge of Flame Wave by Vehumet.
 11392 | D:11     | Reached skill level 14 in Spellcasting
 11537 | D:11     | Noticed a green ugly thing
 11545 | D:11     | Killed a green ugly thing
 11680 | D:11     | Upgraded the game from 0.31-a0-455-g1a7b003ef0 to
                  | 0.31-a0-460-g9e667d4245
 11692 | D:11     | Identified the +4 hand axe of Duty {speed, *Noise rC+ rCorr
                  | Dex+9}
 11802 | D:11     | Noticed Psyche
 11834 | D:11     | Killed Psyche
 11944 | D:11     | Noticed a two-headed ogre
 11953 | D:11     | Killed a two-headed ogre
 12283 | D:12     | Reached **** piety under Vehumet
 12366 | D:12     | Noticed a deep elf pyromancer
 12370 | D:12     | Killed a deep elf pyromancer
 12370 | D:12     | Noticed a white ugly thing
 12371 | D:12     | Noticed a cyan ugly thing
 12390 | D:12     | Killed a cyan ugly thing
 12390 | D:12     | Offered knowledge of Arcjolt by Vehumet.
 12391 | D:12     | Reached skill level 15 in Spellcasting
 12393 | D:12     | HP: 3/61 [white ugly thing (35)]
 12505 | D:11     | Killed a white ugly thing
 12845 | D:12     | Noticed a two-headed ogre
 12848 | D:12     | Killed a two-headed ogre
 12849 | D:12     | Reached XP level 12. HP: 66/66 MP: 27/33
 13381 | D:12     | Noticed a two-headed ogre
 13385 | D:12     | Killed a two-headed ogre
 13977 | D:5      | Killed Heh's ghost
 14324 | D:13     | Noticed a centaur warrior
 14331 | D:13     | Killed a centaur warrior
 14332 | D:13     | Reached skill level 5 in Armour
 14467 | D:13     | Found Rutalel's Magic Scroll Emporium.
 14476 | D:13     | Bought a scroll of revelation for 97 gold pieces
 14476 | D:13     | Bought a scroll of noise for 13 gold pieces
 14581 | D:13     | Reached skill level 16 in Spellcasting
 15290 | D:13     | Noticed a centaur warrior
 15298 | D:13     | Killed a centaur warrior
 15318 | D:13     | Noticed a centaur warrior
 15530 | D:13     | Noticed a two-headed ogre
 15534 | D:13     | Reached skill level 10 in Conjurations
 15547 | D:13     | Reached skill level 5 in Fighting
 15682 | D:13     | Noticed a vault guard
 15704 | D:13     | Killed a vault guard
 15705 | D:13     | Reached skill level 17 in Spellcasting
 15848 | D:13     | Killed a two-headed ogre
 15849 | D:13     | Reached skill level 1 in Shields
 15849 | D:13     | Reached XP level 13. HP: 72/72 MP: 8/36
 16335 | D:13     | Reached ***** piety under Vehumet
 16623 | D:13     | Offered knowledge of Iskenderun's Mystic Blast by Vehumet.
 16797 | D:13     | Reached skill level 10 in Earth Magic
 17026 | D:13     | Reached skill level 18 in Spellcasting
 17425 | D:13     | Reached skill level 10 in Fire Magic
 17994 | D:13     | Found Etubbofo's Assorted Antiques.
 18002 | D:13     | Bought a scroll labelled DOFENI XAONI for 31 gold pieces
 18379 | D:13     | Found a gate to the Vaults.
 18495 | D:13     | Found Lecoheme's Magic Scroll Shop.
 18503 | D:13     | Bought a scroll of identify for 32 gold pieces
 18503 | D:13     | Bought a scroll of identify for 32 gold pieces
 18503 | D:13     | Bought a scroll of teleportation for 48 gold pieces
 18503 | D:13     | Bought a scroll of teleportation for 48 gold pieces
 18503 | D:13     | Bought a scroll of teleportation for 48 gold pieces
 18595 | D:14     | Found a runed translucent door.
 18642 | D:14     | Learned a level 5 spell: Irradiate
 18831 | D:14     | Reached skill level 1 in Transmutations
 19032 | D:14     | Found a blossoming altar of Fedhas.
 19117 | D:14     | Reached XP level 14. HP: 78/78 MP: 30/38
 19178 | D:14     | Offered knowledge of Sticky Flame by Vehumet.
 19653 | D:14     | Reached skill level 19 in Spellcasting
 20341 | Lair:1   | Entered Level 1 of the Lair of Beasts
 20583 | Lair:1   | Noticed Maggie
 20598 | Lair:1   | Killed Maggie
 21488 | Lair:2   | Found a frozen archway.
 21511 | IceCv    | Entered an ice cave
 21938 | IceCv    | Noticed a frost giant
 21949 | IceCv    | Killed a frost giant
 22044 | IceCv    | Reached skill level 5 in Shields
 22225 | IceCv    | Offered knowledge of Eringya's Noxious Bog by Vehumet.
 22345 | IceCv    | Got the Almanac of Hoarfrost
 22358 | IceCv    | Learned a level 5 spell: Freezing Cloud
 22712 | IceCv    | Reached skill level 20 in Spellcasting
 22866 | Lair:2   | Reached skill level 1 in Ice Magic
 22962 | Lair:2   | Found a hole to the Spider Nest.
 22984 | Lair:2   | Identified 2 scrolls of acquirement
 22985 | Lair:2   | Acquired 553 gold pieces
 22986 | Lair:2   | Acquired pokeman's Secrets of Liminal Pyromancy
 22990 | Lair:2   | Learned a level 1 spell: Foxfire
 22997 | Lair:2   | Learned a level 6 spell: Plasma Beam
 23006 | Lair:2   | Learned a level 8 spell: Ignition
 23171 | Lair:2   | Noticed Gastronok
 23177 | Lair:2   | Killed Gastronok
 24469 | Lair:3   | Reached XP level 15. HP: 82/82 MP: 32/41
 24899 | Lair:3   | Noticed Rupert
 24900 | Lair:3   | Paralysed by Rupert for 5 turns
 24935 | Lair:3   | Killed Rupert
 25760 | Lair:3   | Found a staircase to the Swamp.
 25974 | Lair:3   | Noticed Snorg
 25982 | Lair:3   | Killed Snorg
 26261 | Lair:4   | Reached skill level 21 in Spellcasting
 27271 | Lair:5   | Entered Level 5 of the Lair of Beasts
 27283 | Lair:5   | Found a gate leading to a gauntlet.
 27292 | Gauntlet | Entered a Gauntlet
 27292 | Gauntlet | Found a transporter.
 27292 | Gauntlet | Found a runed translucent door.
 27292 | Gauntlet | Found a transporter.
 27294 | Gauntlet | Found a transporter.
 27294 | Gauntlet | Found a transporter.
 27296 | Gauntlet | Found a runed translucent door.
 27298 | Gauntlet | Found a transporter.
 27298 | Gauntlet | Found a transporter.
 27333 | Gauntlet | Found a transporter.
 27334 | Gauntlet | Found a transporter.
 27338 | Gauntlet | Found a runed translucent door.
 27342 | Gauntlet | Found a runed translucent door.
 27346 | Gauntlet | Found a transporter.
 27362 | Gauntlet | Found a transporter.
 27366 | Gauntlet | Found a transporter.
 27386 | Gauntlet | Found a transporter.
 27388 | Gauntlet | Found a runed translucent gate.
 27388 | Gauntlet | Found a runed translucent gate.
 27388 | Gauntlet | Found a runed translucent gate.
 27823 | Gauntlet | Got Xuiv's Encyclopedia of the Flinty Birds
 28416 | Lair:5   | Found a runed translucent door.
 28416 | Lair:5   | Found a viscous altar of Jiyva.
 28417 | Lair:5   | Found a staircase to the Slime Pits.
 28530 | Lair:5   | Found a runed translucent gate.
 29208 | Lair:5   | Found a runed translucent gate.
 29208 | Lair:5   | Found a runed translucent gate.
 29211 | Lair:5   | Noticed Dittersdorf's ghost (journeyman GrFi)
 29709 | Lair:5   | Found a large runed translucent door.
 29709 | Lair:5   | Found a large runed translucent door.
 30157 | D:7      | Killed hotbaconsauce's ghost
 30548 | Orc:1    | Entered Level 1 of the Orcish Mines
 30548 | Orc:1    | Noticed Sonja
 30548 | Orc:1    | Noticed Fannar
 30550 | Orc:1    | Killed Sonja
 30551 | Orc:1    | Reached XP level 16. HP: 87/87 MP: 33/43
 30553 | Orc:1    | Killed Fannar
 30827 | Orc:1    | Reached ****** piety under Vehumet
 30829 | Orc:1    | Paralysed by an orc sorcerer for 2 turns
 31082 | Orc:1    | Found a runed translucent door.
 31282 | Orc:1    | Noticed Nergalle
 31287 | Orc:1    | Killed Nergalle
 31489 | Orc:2    | Entered Level 2 of the Orcish Mines
 31509 | Orc:2    | Found a staircase to the Elven Halls.
 31562 | Orc:2    | Reached skill level 22 in Spellcasting
 31594 | Orc:2    | Found a dark tunnel.
 31693 | Volcano  | Entered a volcano
 31718 | Volcano  | Offered knowledge of Leda's Unmaking by Vehumet.
 32188 | Volcano  | Learned a level 6 spell: Leda's Unmaking
 32583 | Orc:2    | Found Midebuax's Armour Shoppe.
 32646 | Orc:2    | Found Zorhoji's Assorted Antiques.
 33030 | Orc:2    | Found Aleymun's Armour Emporium.
 33034 | Orc:2    | Bought an orange potion for 22 gold pieces
 33037 | Orc:2    | Found Ehixa's Book Emporium.
 33039 | Orc:2    | Found Cemmew's General Store.
 33915 | D:15     | Entered Level 15 of the Dungeon
 34280 | D:15     | Learned a level 6 spell: Starburst
 34556 | D:15     | Found Jiqelost's General Store.
 34566 | D:15     | Bought 2 scrolls of identify for 72 gold pieces
 34566 | D:15     | Bought a scroll of teleportation for 54 gold pieces
 34566 | D:15     | Bought a scroll of identify for 36 gold pieces
 34674 | D:15     | Found a staircase to the Depths.
 34784 | D:15     | Found an iron altar of Okawaru.
 35413 | Elf:1    | Entered Level 1 of the Elven Halls
 35829 | Elf:1    | Found Osoir's Magic Scroll Emporium.
 35833 | Elf:1    | Bought a scroll of blinking for 90 gold pieces
 35833 | Elf:1    | Bought a scroll of teleportation for 36 gold pieces
 35833 | Elf:1    | Bought a scroll of blinking for 90 gold pieces
 35833 | Elf:1    | Bought a scroll of identify for 24 gold pieces
 35833 | Elf:1    | Bought a scroll of identify for 24 gold pieces
 35833 | Elf:1    | Bought a scroll of blinking for 90 gold pieces
 35879 | Elf:1    | Reached skill level 23 in Spellcasting
 36625 | Elf:1    | Reached XP level 17. HP: 94/94 MP: 33/46
 37013 | Elf:1    | Learned a level 9 spell: Fire Storm
 37338 | Elf:1    | Got the Precepts of the Fifth Circle
 37514 | Elf:2    | Found a crumbling gateway.
 37519 | Desolati | Entered the Desolation of Salt
 37570 | Desolati | Offered knowledge of Fireball by Vehumet.
 37582 | Desolati | HP: 2/95 [ragged hierophant/a resonance strike (7)]
 37612 | Desolati | HP: 1/95 [crystal guardian/crystal bolt (25)]
 38075 | Desolati | Got Sif Muna's Vellum of Dislocation
 38079 | Desolati | Identified the ring of Abstinence {rF+ Int+6 SInv}
 38084 | Desolati | Got Cemny's Writings on Hot Hail
 38100 | Desolati | Identified the +6 falchion "Sonu" {heavy, rC+ Dex+3}
 38104 | Desolati | Got the Directory of Kinetic Energy
 38276 | Desolati | Reached skill level 24 in Spellcasting
 38351 | Desolati | Offered knowledge of Iskenderun's Battlesphere by Vehumet.
 38363 | Desolati | Learned a level 5 spell: Iskenderun's Battlesphere
 38786 | Desolati | Identified the +1 plate armour of the Damp God {+Blink
                  | rCorr}
 38790 | Desolati | Got the Compendium of a Million People
 38792 | Desolati | Got Ixzargh's Teachings on the Polluted Entourage
 38893 | Desolati | Reached skill level 15 in Conjurations
 39072 | Elf:2    | Identified the +0 robe of Pleasant Breezes {Fly rF+}
 39565 | Elf:2    | Found a runed translucent gate.
 39565 | Elf:2    | Found a runed translucent gate.
 39566 | Elf:2    | Found a runed translucent gate.
 39711 | Elf:2    | Found a shimmering altar of Xom.
 39954 | Elf:2    | Noticed a deep elf blademaster
 40067 | Elf:2    | Killed a deep elf blademaster
 40072 | Elf:2    | Killed from afar by a deep elf zephyrmancer

Illustrated notes

Levels and vault maps discovered:
D:1:      dpeg_arrival_rooms_b, layout_loops_cross,
          chequers_ecumenical_altar_simple_redux, dk_noncrumbling_2
D:2:      layout_basic
D:3:      layout_loops_ring
D:4:      layout_rooms, roderic_serpentine_path, nicolae_underground_beach
D:5:      layout_cave_pools, minmay_temple_entry_junction, gammafunk_ghost_hive
D:6:      layout_rooms, serial_shops, shop, nicolae_alphabet_shops,
          hangedman_abyss_or_decor_stabs, grunt_ministairs_5
D:7:      layout_rooms, grunt_temple_overflow_growth_and_decay,
          nzn_ghost_randoct, uniq_pikel
D:8:      layout_rooms, dpeg_lair_monsters, hangedman_abyss_or_decor_clamps
D:9:      layout_irregular_city
D:10:     layout_cave_pools, david_orc_3
D:11:     layout_small_grid, uniq_psyche
D:12:     layout_basic, serial_curves, eino_curves_04, eino_curves_04,
          eino_curves_01, solitary_fountain
D:13:     minmay_quarter_circles, layout_basic, grunt_vaults_entry_tiered,
          serial_shops, shop, shop, shop
D:14:     layout_roguey [special_room_orc], fedhas_altar_3, lightli_airlock
D:15:     gammafunk_depths_entry_grave, layout_long_grid, serial_shops,
          nicolae_lakefront_shop, minmay_misc_feat_four_crosses, okawaru_trees_1
Temple:   mainiacjoe_temple_cubbyholes
Lair:1:   layout_chaotic_city, chequers_serial_rivers_micro_c, uniq_maggie
Lair:2:   layout_regular_city, spider_nest_entry_rubble,
          portal_ice_cave_entry_pillars_2, dreamdust_gnoll_shepherd,
          lemuel_fruit_tree, uniq_gastronok
Lair:3:   layout_cave_pods, palyth_hydra_swamp_entry, special_room
          [special_room_mythical_zoo], serial_bayou_pond_d, uniq_rupert,
          uniq_snorg
Lair:4:   layout_small_grid, minivault_19, lemuel_old_faithful
Lair:5:   cheibrodos_lair_end_hotspot, layout_gridlike, slime_entry_2,
          gammafunk_ghost_hydra_chop, gauntlet_entry_generic, st_stairs_3,
          minivault_27
Orc:1:    dreamdust_dug_too_deep, layout_caves, uniq_nergalle, uniq_sonja,
          uniq_fannar
Orc:2:    st_orc_elflike, layout_caves, serial_shops,
          nicolae_shop_just_a_little_nook, nicolae_volcano_entry_batcave
Elf:1:    elf_arrival_001, layout_onion_city, minmay_elf_sorcery, st_stairs_9,
          hex_medium, minmay_shop_star
Elf:2:    elven_hall_of_blades_hangedman_original
          [nicolae_blade_entry_sentries_behind_glass], layout_rooms,
          portal_desolation_entry_ruin, basic_altar

Skill      XL: |  1  2  3  4  5  6  7  8  9 10 11 12 13 14 15 16 17 |
---------------+----------------------------------------------------+-----
Spellcasting   | 5 6 7 8 10 11 13 15 17 18 20 21 23 24 | 24.6
Fighting       | 1 2 3 4 5 6 7 |  7.0
Conjurations   | 2 3 4 5 6 7 9 10 11 12 13 14 15 | 15.2
Armour         | 1 2 3 4 5 6 7 |  7.0
Dodging        | 3 |  3.0
Stealth        | 3 |  3.0
Earth Magic    | 1 2 4 5 6 8 9 10 11 12 13 14 | 14.0
Poison Magic   | 1 2 |  2.0
Evocations     | 1 2 |  2.0
Air Magic      | 1 2 |  2.1
Fire Magic     | 1 3 5 6 7 9 10 11 12 13 14 | 14.4
Shields        | 1 3 5 6 |  6.0
Transmutations | 1 |  1.0
Ice Magic      | 1 |  1.0
Summonings     | |  1.1
Translocations | |  1.1

Action                     |  1- 3 |  4- 6 |  7- 9 | 10-12 | 13-15 | 16-18 || total
---------------------------+-------+-------+-------+-------+-------+-------++-------
  Melee: Spear             |     1 |     6 |       |       |       |       ||     7
         Short sword       |       |    34 |       |       |       |       ||    34
         Whip              |       |    35 |   103 |    64 |   167 |    19 ||   388
         Punch             |       |     2 |     4 |     2 |     5 |     3 ||    16
         Staff             |       |       |       |       |     1 |    41 ||    42
   Cast: Magic Dart        |   113 |    54 |   132 |    57 |    15 |     8 ||   379
         Call Imp          |     1 |       |     3 |     5 |     9 |     2 ||    20
         Mephitic Cloud    |       |    15 |    32 |    48 |    81 |    11 ||   187
         Blink             |       |     1 |     1 |     1 |     4 |     5 ||    12
         Stone Arrow       |       |       |    28 |   280 |   522 |   103 ||   933
         Plasma Beam       |       |       |       |       |    48 |    26 ||    74
         Foxfire           |       |       |       |       |     5 |     3 ||     8
         Freezing Cloud    |       |       |       |       |    63 |    74 ||   137
         Ignition          |       |       |       |       |     4 |    37 ||    41
         Leda's Unmaking   |       |       |       |       |       |   126 ||   126
         Starburst         |       |       |       |       |       |    10 ||    10
         Iskenderun's Batt |       |       |       |       |       |     1 ||     1
  Evoke: Wand              |       |       |       |     1 |       |     3 ||     4
    Use: Scroll            |       |       |       |    12 |     9 |    13 ||    34
         Potion            |       |       |       |       |       |     8 ||     8
   Stab: Confused          |       |     6 |    12 |     7 |     7 |     1 ||    33
         Sleeping          |       |       |     1 |       |       |       ||     1
 Armour: Robe              |     1 |    12 |    24 |     2 |     2 |       ||    41
         Troll leather arm |       |       |       |    31 |    35 |       ||    66
         Acid dragon scale |       |       |       |       |    35 |    45 ||    80
  Dodge: Dodged            |    10 |    42 |    82 |    98 |   181 |    93 ||   506
  Block: Other             |       |       |       |       |    45 |     9 ||    54
         Buckler           |       |       |       |       |    35 |    59 ||    94
         Reflection        |       |       |       |       |     3 |    19 ||    22

Table legend: (Time is in decaauts)
 A = Elapsed time spent in this place.
 B = Non-inter-level travel time spent in this place.
 C = Inter-level travel time spent in this place.
 D = Time resting spent in this place.
 E = Time spent auto-exploring this place.
 F = Levels seen in this place.
 G = Mean time per level.
                   A        B        C        D        E       F      G
               +--------+--------+--------+--------+--------+-----+--------+
         Total |  40219 |  37288 |   2931 |   3814 |  26687 |  29 | 1386.9 |
       Dungeon |  23229 |  20884 |   2345 |   2550 |  14842 |  15 | 1548.6 |
        Temple |    178 |     87 |     91 |      0 |      0 |   1 |  178.0 |
          Lair |   7705 |   7362 |    343 |    305 |   6002 |   5 | 1541.0 |
  Orcish Mines |   2001 |   1868 |    133 |    131 |   1414 |   2 | 1000.5 |
   Elven Halls |   3111 |   3094 |     17 |    651 |   2015 |   2 | 1555.5 |
      Ice Cave |   1340 |   1340 |      0 |     85 |    839 |   1 | 1340.0 |
       Volcano |    494 |    494 |      0 |      0 |    319 |   1 |  494.0 |
    Desolation |   1586 |   1586 |      0 |     43 |   1139 |   1 | 1586.0 |
      Gauntlet |    572 |    572 |      0 |     49 |    116 |   1 |  572.0 |
               +--------+--------+--------+--------+--------+-----+--------+

Top non-repeatable levels by time:
    D:13: 4587 daAuts
   Elf:1: 2075 daAuts
  Lair:3: 1946 daAuts
  Lair:5: 1868 daAuts
     D:7: 1822 daAuts
    D:14: 1750 daAuts
     D:9: 1606 daAuts
Desolation: 1586 daAuts
    D:12: 1585 daAuts
     D:2: 1540 daAuts
     D:8: 1423 daAuts
  Lair:2: 1365 daAuts
     D:6: 1351 daAuts
   IceCv: 1340 daAuts
  Lair:4: 1312 daAuts
